Map: Rorschach LE

Players

Flag

  • Race: Terran Terran
  • League: Platinum

Chatie - Winner!

  • Race: Terran Terran
  • League: Diamond

VOD

Have the link to the VOD?

Description

Time

  • Played on: Nov. 4, 2026, 10:54 a.m.
  • Length: 13:25
Show
View Real Time Build Order
Export as new Build Order

Flag Terran 

Build Orders: Liberator Opening 

Get SALT Encoding   

  12  0:00  SCV  
  13  0:12  SCV  
  14  0:17  Supply Depot  
  14  0:24  SCV  
  15  0:38  SCV  
  15  0:40  Barracks  
  16  0:43  Refinery  
  16  0:50  Refinery  
  16  0:53  SCV  
  17  1:05  SCV  
  18  1:17  SCV  
  19  1:25  Reaper  
  19  1:30  Supply Depot  
  20  1:35  Orbital Command  
  20  1:42  Factory  
  20  1:57  Reaper  
  21  2:01  SCV  
  22  2:16  SCV  
  23  2:26  Hellion  
  23  2:29  Reaper  
  25  2:52  Hellion  
  25  2:55  SCV  
  28  3:00  Command Center  
  28  3:05  Starport  
  28  3:08  Barracks Reactor  
  28  3:13  SCV  
  28  3:14  Factory Tech Lab  
  29  3:23  Supply Depot  
  29  3:25  SCV  
  27  3:43  Widow Mine  
  27  3:47  Marine x2  
  33  3:56  Liberator  
  33  4:01  Barracks, SCV  
  35  4:04  Barracks  
  35  4:06  Supply Depot  
  35  4:16  Orbital Command  
  35  4:23  Marine x2  
  37  4:33  Cyclone  
  37  4:35  SCV  
  41  4:47  SCV  
  41  4:49  SCV  
  41  4:51  Marine x2  
  41  4:52  Barracks Tech Lab  
  45  4:54  Barracks Reactor  
  45  4:56  Starport Reactor  
  45  4:59  SCV  
  46  5:01  SCV  
  46  5:11  SCV  
  46  5:13  SCV  
  45  5:23  Stimpack, Marine x3, SCV  
  45  5:25  Siege Tank, SCV  
  54  5:35  SCV  
  54  5:37  SCV  
  54  5:39  Command Center  
  54  5:40  Marine x2, Refinery  
  54  5:41  Marine  
  58  5:47  SCV  
  58  5:49  SCV  
  60  5:52  Marine  
  60  5:53  Marine  
  61  5:58  Marine  
  61  5:59  SCV  
  62  6:07  Supply Depot  
  62  6:09  Supply Depot  
  62  6:29  Marine x3, SCV x2, Supply Depot  
  62  6:30  Marine x2  
  62  6:32  Supply Depot  
  69  6:33  Medivac  
  69  6:37  Medivac  
  73  6:41  SCV x2  
  73  6:46  Marine  
  76  6:48  Supply Depot  
  76  6:51  Engineering Bay  
  76  6:53  SCV x2  
  78  7:02  Combat Shield  
  78  7:03  Siege Tank  
  78  7:04  Marine  
  78  7:05  SCV  
  83  7:16  Marine x2  
  83  7:17  Marine x2  
  83  7:20  Viking  
  83  7:21  Viking, Marine  
  92  7:23  SCV  
  93  7:35  Siege Tank  
  81  7:58  Marine x5  
  74  8:00  Medivac x2  
  79  8:07  SCV x2  
  79  8:10  Siege Tank  
  84  8:14  Terran Infantry Weapons Level 1  
  84  8:15  Marine x2  
  84  8:16  Marine x3  
  84  8:17  Barracks  
  84  8:18  Barracks, Missile Turret  
  89  8:20  Missile Turret  
  89  8:21  SCV  
  89  8:22  Missile Turret x2  
  89  8:25  SCV  
  91  8:30  Orbital Command  
  91  8:33  Marine x2  
  93  8:42  Siege Tank  
  93  8:43  SCV x2  
  93  8:46  Marine x3  
  101  8:53  Viking x2  
  101  8:54  Factory  
  101  8:55  SCV x2  
  105  8:58  Marine  
  105  8:59  Marine  
  107  9:04  Marine  
  107  9:05  SCV  
  107  9:07  SCV x2  
  111  9:16  Sensor Tower  
  111  9:18  SCV  
  111  9:19  SCV x2  
  111  9:20  Refinery  
  114  9:26  Medivac, Marine  
  114  9:27  Barracks Reactor  
  117  9:33  Supply Depot  
  117  9:36  Supply Depot x2, Refinery  
  117  9:55  Marine x3, SCV x2, Siege Tank  
  117  9:56  Supply Depot  
  117  9:57  Marine x3, Medivac, SCV  
  117  9:59  Supply Depot  
  130  10:07  Viking  
  130  10:09  SCV  
  130  10:10  SCV  
  130  10:13  Marine x3, Refinery  
  137  10:15  Marine x3  
  140  10:22  Supply Depot  
  140  10:27  Viking  
  142  10:33  Marine, Marauder  
  145  10:36  Marine x4  
  145  10:37  Marine x2, Viking  
  145  10:38  Siege Tank  
  145  10:41  Factory  
  156  10:50  Marine  
  152  11:11  Liberator  
  152  11:12  Liberator, Marine x2  
  152  11:13  Marine x5  
  152  11:16  Marine  
  148  11:33  Marine x5  
  148  11:34  Marine x3  
  148  11:38  SCV, Starport  
  157  11:40  Command Center  
  157  11:46  Supply Depot  
  157  11:49  Supply Depot  
  157  11:50  Supply Depot  
  157  11:52  Supply Depot  
  157  11:53  Supply Depot, Factory Tech Lab  
  157  12:08  SCV x3, Siege Tank, Liberator  
  157  12:11  Supply Depot, Liberator  
  145  12:20  SCV x2  
  147  12:25  Marine x2  
  147  12:26  Marine x6  
  140  12:32  Siege Tank  
  134  12:40  Siege Tank  
  134  12:43  Marine x3  
  134  12:44  Marine x5  
  130  12:51  Viking  
  130  12:54  Viking  
Show
View Real Time Build Order
Export as new Build Order

Chatie Terran - Winner!

Build Orders:  

Get SALT Encoding   

  12  0:00  SCV  
  13  0:12  SCV  
  14  0:17  Supply Depot  
  14  0:24  SCV  
  15  0:39  SCV  
  15  0:41  Barracks  
  16  0:43  Refinery  
  16  0:51  SCV  
  16  0:53  Refinery  
  17  1:03  SCV  
  18  1:15  SCV  
  19  1:26  Reaper  
  19  1:29  Orbital Command, Supply Depot  
  20  1:45  Factory  
  20  1:55  SCV  
  20  2:00  Barracks Reactor  
  21  2:09  SCV  
  22  2:21  SCV  
  23  2:29  Command Center  
  23  2:33  SCV  
  23  2:36  Hellion  
  26  2:45  Marine x2  
  26  2:47  SCV  
  29  2:54  Supply Depot  
  29  2:58  Hellion  
  31  3:14  Reaper x2  
  31  3:16  SCV  
  31  3:19  Starport, Factory Tech Lab  
  34  3:28  SCV  
  34  3:40  SCV, Cyclone  
  38  3:51  Marine x2  
  40  4:01  Starport Tech Lab, Supply Depot  
  40  4:03  Barracks  
  40  4:04  SCV  
  41  4:12  Marine x2  
  41  4:16  SCV, Siege Tank  
  47  4:22  Orbital Command  
  47  4:28  SCV  
  47  4:29  Raven  
  50  4:35  Refinery  
  50  4:40  SCV  
  51  4:47  SCV  
  51  4:48  Marine x2  
  51  4:49  Siege Tank  
  51  4:52  SCV  
  58  4:54  Barracks Tech Lab  
  58  4:56  Interference Matrix  
  58  4:59  SCV  
  59  5:04  SCV  
  57  5:21  SCV  
  58  5:22  Marine x2  
  58  5:25  Stimpack  
  60  5:29  Barracks  
  60  5:30  Marine  
  60  5:31  SCV  
  62  5:36  Supply Depot  
  62  5:37  Refinery  
  62  5:45  Supply Depot  
  62  5:57  SCV x2  
  62  5:58  Marine, Siege Tank  
  62  6:02  Supply Depot  
  64  6:06  Marine  
  64  6:08  Raven, Marine  
  64  6:09  SCV  
  70  6:11  SCV  
  70  6:15  Marine  
  70  6:16  Supply Depot  
  70  6:21  SCV  
  70  6:23  Barracks Reactor  
  70  6:24  Marine, Barracks  
  70  6:26  Marine  
  70  6:30  SCV  
  72  6:33  Marine, SCV  
  72  6:35  Siege Tank  
  77  6:41  Marine, Supply Depot  
  77  6:43  SCV  
  77  6:44  Marine  
  77  6:46  SCV  
  81  6:51  Marine, Starport Reactor  
  81  6:53  Factory  
  82  6:55  SCV  
  82  6:58  SCV  
  84  7:02  Engineering Bay  
  84  7:07  SCV, Marine x4, Engineering Bay  
  89  7:09  Marine, Combat Shield  
  89  7:10  SCV  
  89  7:13  Supply Depot  
  91  7:19  SCV  
  91  7:22  SCV  
  93  7:24  Barracks Reactor  
  93  7:25  Barracks  
  93  7:27  Command Center  
  93  7:31  SCV  
  94  7:48  Marine x5  
  94  7:49  Siege Tank  
  85  7:58  Viking x2  
  80  8:00  Terran Infantry Weapons Level 1  
  80  8:01  Terran Infantry Armor Level 1  
  80  8:02  Armory  
  80  8:05  Marine x2  
  80  8:06  Marine x3  
  85  8:14  Siege Tank  
  85  8:15  Marine x2  
  90  8:23  Marine x2  
  92  8:28  Marine x3  
  92  8:29  Siege Tank  
  98  8:45  Missile Turret  
  98  8:46  Siege Tank  
  98  8:47  Marine x4  
  98  8:48  Marine x3  
  107  9:05  Marine x5  
  107  9:06  Marine x2, Missile Turret  
  107  9:07  Siege Tank  
  107  9:08  Viking  
  119  9:13  Orbital Command  
  119  9:15  SCV  
  120  9:23  Marine x5  
  125  9:29  Missile Turret  
  125  10:07  Supply Depot, Terran Infantry Weapons Level 2  
  125  10:08  Terran Infantry Armor Level 2  
  125  10:09  Supply Depot  
  125  10:12  Supply Depot  
  125  10:13  Marine, SCV, Siege Tank x2  
  133  10:14  Supply Depot  
  133  10:17  Supply Depot  
  133  10:19  Supply Depot  
  133  10:29  Marine x5, SCV x3  
  133  10:30  Marine  
  133  10:31  Marine  
  133  10:35  Supply Depot  
  143  10:36  Terran Vehicle Weapons Level 1  
  143  10:37  Supply Depot x2  
  143  10:41  SCV x3  
  146  10:43  Refinery x2  
  146  10:46  Marine x5  
  146  10:48  Marine  
  152  10:53  Marine, SCV x3  
  154  10:59  Siege Tank x2  
  160  11:04  Marine x5  
  160  11:08  Marine  
  160  11:10  Marine  
  161  11:22  Marine x5  
  161  11:26  Marine  
  161  11:28  Marine  
  161  11:31  Siege Tank  
  166  11:40  Marine x5, Viking x2, Supply Depot x2  
  166  11:42  Siege Tank  
  166  11:44  Marine  
  166  11:46  Marine  
  180  11:58  Marine  
  178  12:10  Viking x2  
  159  12:16  Marine x4  
  159  12:17  Marine x3, Siege Tank  
  159  12:18  Siege Tank  
  154  12:34  Marine x6  
  154  12:35  Marine  
  152  12:41  SCV x3  
  148  12:50  Siege Tank x2  
  153  12:52  Marine x7  
  153  12:53  SCV x3  
  161  13:05  SCV  
Tags
 
Add a new tag
Caveats
  • Supply blocks, unpowered buildings, or Contaminate may cause inaccurate times.
  • Supply counts are checked every 10 seconds.